 Dungeon Crawl Stone Soup version 0.29.1-13-g9f3cf754e1 (webtiles) character file.

Game seed: 5438029552405074549

2831 shadowmeld the Poker (level 10, -1/69 HPs)
             Began as a Djinni Monk on Jan 29, 2023.
             Was a Believer of the Shining One.
             Slain by a yak (11 damage)
             ... on level 7 of the Dungeon.
             The game lasted 00:38:19 (6132 turns).

shadowmeld the Poker (Djinni Monk)                  Turns: 6132, Time: 00:38:20

Health: -1/69      AC: 18    Str: 18    XL:     10   Next: 3%
Gold:   377        EV:  9    Int: 12    God:    the Shining One [**....] SH:  0 Dex: 16

rFire   + + .      SeeInvis .   m - +8 spear "Qoudwacs" {vorpal, Str+4}
rCold   . . .      Faith    .   (no shield)
rNeg    + . .      Spirit   .   u - +6 chain mail {rC+}
rPois   ∞          Reflect  .   x - +0 helmet
rElec   .          Harm     .   a - scarf {repulsion}
rCorr   .          Rampage  .   y - +0 pair of gloves
Will    +....                   (boots unavailable)
Stlth   ..........              o - amulet of the acrobat
HPRegen 0.21/turn               (no ring)
MPRegen 0.00/turn               (no ring)

@: flying, glowing, repel missiles
A: sickness immunity, fire resistance 2, cold vulnerability 1, float, innate
caster, HP casting, extra vitality 1
a: Renounce Religion, Divine Shield


You were on level 7 of the Dungeon.
You worshipped the Shining One.
The Shining One was pleased with you.
You visited 2 branches of the dungeon, and saw 8 of its levels.

You collected 377 gold pieces.

Inventory:

Hand Weapons
 m - the +8 spear "Qoudwacs" (weapon) {vorpal, Str+4}
   (You found it on level 2 of the Dungeon)

   It inflicts extra damage upon your enemies.
   Str:       It affects your strength (+4).
Missiles
 c - 4 atropa-tipped darts
 j - 7 poisoned darts (quivered)
 s - a throwing net
Armour
 a - a scarf of repulsion (worn)
 u - a +6 chain mail of cold resistance (worn)
 x - a +0 helmet (worn)
 y - a +0 pair of gloves (worn)
Jewellery
 o - an amulet of the acrobat (around neck)
 w - an amulet of faith
Wands
 q - a wand of acid (4)
 t - a wand of roots (9)
Scrolls
 f - 3 scrolls of fear
 g - 5 scrolls of teleportation
 h - a scroll of brand weapon
 i - a scroll of enchant weapon
 k - 2 scrolls of poison
Potions
 b - 2 potions of ambrosia
 d - a potion of curing
 e - a potion of mutation {unknown}
 l - a potion of brilliance
 n - 2 potions of attraction
 p - a potion of flight
 r - a potion of invisibility
 v - a potion of degeneration {unknown}


   Skills:
 + Level 4.7 Fighting
 * Level 7.5 Polearms
 + Level 5.6 Armour
 + Level 4.1 Dodging
 - Level 1.8 Stealth
 - Level 3.9 Unarmed Combat
 * Level 3.8 Spellcasting


You had 6 spell levels left.
You knew the following spells:

 Your Spells              Type           Power      Damage    Failure   Level
a - Foxfire               Conj/Fire      44%        2x1d6     47%         1
b - Passwall              Tmut/Erth      9%         N/A       63%         2
c - Dazzling Flash        Conj/Hex       22%        N/A       85%         3
d - Passage of Golubria   Tloc           11%        N/A       99%         4
Your spell library was empty.

Dungeon Overview and Level Annotations

Branches:
Dungeon (7/15)             Temple (1/1) D:5

Altars:
Ashenzari
Cheibriados
Dithmenos
Elyvilon
Fedhas
Gozag
Hepliaklqana
Makhleb
Nemelex Xobeh
Okawaru
Qazlal
Ru
Trog
Uskayaw
Wu Jian
Xom
Yredelemnul
Zin
The Shining One

Shops:
D:3 ([   D:4 (


Innate Abilities, Weirdness & Mutations

You are immune to sickness and miasma.
You are immune to poison.
Your flesh is very heat resistant. (rF++)
You are vulnerable to cold. (rC-)
You float through the air rather than walking.
You learn spells naturally, not from books.
Your magical power is your life essence.
You have superior vitality. (+4 MHP)


Message History

You kill the yak!
You hit the yak.
The yak is lightly wounded.
The yak gores you!
* * * LOW HITPOINT WARNING * * *
You see here a +0 hand axe.
The yak attacks as you move away! The yak gores you but does no damage.
You puncture the yak!
The yak is moderately wounded.
You hit the yak but do no damage.
The yak is moderately wounded.
The yak gores you but does no damage.
You puncture the yak!
The yak is heavily wounded.
The yak gores you.
* * * LOW HITPOINT WARNING * * *
You puncture the yak!
The yak is almost dead.
The yak gores you!
* * * LOW HITPOINT WARNING * * *
You puncture the yak!
You kill the yak!
You have reached level 10!
As you read the scroll of fear, it crumbles to dust.
You assume a fearsome visage.
The yak looks frightened!
You see here a +0 hand axe.
Things that are here:
a yak corpse; a yak corpse
Found a potion of curing.
The yak seems to regain its courage.
You see here a potion of curing.
Reach: m) +8 spear "Qoudwacs" {vorpal, Str+4}
Press: ? - help, Dir - move target, f - yak
Aim: a yak (haloed, about 8% to evade the +8 spear "Qoudwacs")
You reach to attack!
You puncture the yak!
The yak is moderately wounded.
You puncture the yak!
The yak is severely wounded.
The yak gores you!
You die...

#.#.# #.#.....#####...##
#.#.# #)#........##.#.###
##.#.# #.#........##......
##[<#.#
#.#........##....##
#..##.# #.#............###
#.###.# #†#.........#..#
#.##..# #.#...<........#
#.##.######.#########..#.#
#.#####.....@.!# ##..#.#
#.# #.....Y..# #.....##
#.# #........# ##......###
#.# #####.#### #..##.....#
#####.# *....**
##.####..#.. ...##.#
#.##.,* #..# ##..##.
.~....# #.**######.##
#...### ......#
#,,.~~~.....###.#.# #
......#
***#######...##.#.###


You could see a yak.

Vanquished Creatures
  Grinder (D:5)
  4 yaks (D:7)
  Menkaure (D:6)
  Edmund (D:4)
  Duvessa (D:6)
  An orc warrior (D:7)
  2 ice beasts
  A phantom (D:7)
  Blork the orc (D:6)
  A kobold brigand (D:7)
  2 bullfrogs
  A necrophage (D:4)
  5 scorpions
  3 wights (D:6)
  Dowan (D:6)
  2 jellies
  An orc priest (D:5)
  3 hounds
  Crazy Yiuf (D:4)
  5 iguanas
  Natasha (twice) (D:2)
  An orc wizard (D:4)
  3 gnolls (D:4)
  4 adders
  An ufetubus (D:5)
  4 worms
  A dart slug (D:3)
  15 orcs
  7 endoplasms
  2 giant cockroaches
  5 goblins
  9 hobgoblins
  3 jackals (D:1)
  2 quokkas (D:1)
  6 ball pythons
  7 bats
  4 frilled lizards
  7 kobolds
  5 rats
126 creatures vanquished.

Vanquished Creatures (others)
  A plant (D:1)
1 creature vanquished.

Grand Total: 127 creatures vanquished

Notes
Turn   | Place    | Note
-------+----------+-------------------------------------------
     0 | D:1      | shadowmeld the Djinni Monk began the quest for the Orb.
     0 | D:1      | Reached XP level 1. HP: 20/20 MP: 0/0
    93 | D:1      | Reached XP level 2. HP: 20/25 MP: 0/0
   593 | D:1      | Found a faded altar of an unknown god.
   687 | D:1      | Reached XP level 3. HP: 29/30 MP: 0/0
   687 | D:1      | Learned a level 1 spell: Foxfire
  1182 | D:2      | Noticed Natasha
  1199 | D:2      | Killed Natasha
  1200 | D:2      | Reached XP level 4. HP: 21/35 MP: 0/0
  1251 | D:2      | Identified the +8 spear "Qoudwacs" {vorpal, Str+4}
  1588 | D:2      | Found a sacrificial altar of Ru.
  1678 | D:2      | Reached skill level 1 in Armour
  2113 | D:2      | Noticed Natasha
  2123 | D:2      | Killed Natasha
  2124 | D:2      | Reached XP level 5. HP: 40/40 MP: 0/0
  2124 | D:2      | Learned a level 2 spell: Passwall
  2147 | D:3      | Found a basalt altar of Yredelemnul.
  2251 | D:3      | Found Sofoid's Weapon Boutique.
  2449 | D:3      | Found a sacrificial altar of Ru.
  2485 | D:3      | Reached skill level 1 in Polearms
  2501 | D:3      | Reached skill level 1 in Spellcasting
  2629 | D:3      | Found Wesmukunk's Antique Armour Boutique.
  2670 | D:3      | Reached XP level 6. HP: 41/46 MP: 0/0
  3002 | D:4      | Found a runed translucent door.
  3003 | D:4      | Noticed Crazy Yiuf
  3009 | D:4      | Killed Crazy Yiuf
  3010 | D:4      | Reached skill level 2 in Polearms
  3368 | D:4      | Reached XP level 7. HP: 45/50 MP: 0/0
  3368 | D:4      | Learned a level 3 spell: Dazzling Flash
  3407 | D:4      | Found a large runed translucent door.
  3408 | D:4      | Found a large runed translucent door.
  3433 | D:4      | Found Uluyneru's Weapon Emporium.
  3605 | D:4      | Noticed Edmund
  3624 | D:4      | Killed Edmund
  3625 | D:4      | Reached skill level 3 in Polearms
  4203 | D:4      | Found a bloodstained altar of Trog.
  4211 | D:4      | Found a shimmering altar of Xom.
  4274 | D:5      | Entered Level 5 of the Dungeon
  4299 | D:5      | Reached XP level 8. HP: 58/58 MP: 0/0
  4381 | D:5      | Reached skill level 4 in Polearms
  4447 | D:5      | Noticed Grinder
  4452 | D:5      | Paralysed by Grinder for 5 turns
  4459 | D:5      | Killed Grinder
  4486 | D:5      | Reached skill level 5 in Polearms
  4676 | D:5      | Found a staircase to the Ecumenical Temple.
  4805 | Temple   | Entered the Ecumenical Temple
  4849 | Temple   | Became a worshipper of the Shining One
  4849 | Temple   | Reached * piety under the Shining One
  4849 | Temple   | Reached ** piety under the Shining One
  5132 | D:6      | Noticed Menkaure
  5139 | D:6      | Killed Menkaure
  5172 | D:6      | Reached XP level 9. HP: 58/62 MP: 0/0
  5172 | D:6      | Learned a level 4 spell: Passage of Golubria
  5198 | D:6      | Noticed Blork the orc
  5209 | D:6      | Killed Blork the orc
  5308 | D:6      | Identified the +1 leather armour of the Northern Lights
                  | {Fly rN+ MP-9}
  5406 | D:6      | Noticed Duvessa
  5406 | D:6      | Noticed Dowan
  5421 | D:6      | Killed Dowan
  5424 | D:6      | Killed Duvessa
  5425 | D:6      | Reached skill level 5 in Armour
  5487 | D:6      | Reached skill level 6 in Polearms
  6093 | D:7      | Reached skill level 7 in Polearms
  6116 | D:7      | Reached XP level 10. HP: 6/69 MP: 0/0
  6132 | D:7      | Slain by a yak

Illustrated notes

Levels and vault maps discovered:
D:1:      wander_arrival_peaceful_grave, layout_rooms,
          shapermc_ecumenical_altar_petra, minmay_pentomino_w4
D:2:      layout_basic, basic_altar, nicolae_elevator_lobby_plus, uniq_natasha
D:3:      layout_loops_ring, overflow_temple_1_default, old_standard_altar,
          serial_shops, nicolae_shop_statue_plus, shop_statue,
          minmay_misc_feat_chi, chequers_serial_rivers_micro_d,
          grunt_decor_mini_mirrors, kennysheep_small_spiral, chequers_jeans,
          corexii_item_surrounded_by_moat, minmay_diced_spiral
D:4:      layout_cave_pods, jmf_multi_god_temple2, serial_shops,
          nicolae_square_shop, uniq_edmund, uniq_crazy_yiuf_cottage
D:5:      layout_loops_ring, minmay_temple_entry_enclosed_plants,
          skrybe_limestone_x, uniq_grinder
D:6:      layout_rooms, uniq_blork_the_orc, uniq_duvessa, uniq_menkaure
D:7:      layout_rooms, minmay_statues_item, corexii_corridor_pit,
          chequers_serial_rivers_micro_e
Temple:   hc_temple_tempest_star

Skill      XL: |  1  2  3  4  5  6  7  8  9 |
---------------+----------------------------+-----
Armour         | 1 2 3 4 5 |  5.6
Dodging        | 4 |  4.1
Polearms       | 1 2 3 5 7 |  7.5
Spellcasting   | 1 2 3 |  3.8
Fighting       | 4 |  4.7
Stealth        | |  1.8
Unarmed Combat | |  3.9

Action                   |  1- 3 |  4- 6 |  7- 9 | 10-12 || total
-------------------------+-------+-------+-------+-------++-------
Melee: Unarmed           |   115 |    15 |       |       ||   130
       Punch             |     5 |     4 |     9 |       ||    18
       Spear             |       |    90 |   198 |     2 ||   290
Throw: Dart              |       |       |     2 |       ||     2
Evoke: Wand              |       |       |     1 |       ||     1
  Use: Scroll            |       |     6 |    10 |     1 ||    17
       Potion            |       |       |     3 |       ||     3
 Stab: Sleeping          |     1 |       |       |       ||     1
Armor: Robe              |     6 |       |       |       ||     6
       Chain mail        |    48 |    21 |    59 |       ||   128
Dodge: Dodged            |    54 |    31 |    52 |       ||   137
